 Dungeon Sprint DCSS version 0.21.1-1-g345015f (webtiles) character file.

214439 wojtek the Axe Maniac (level 17, 0/261 (286) HPs)
             Began as a Minotaur Berserker on Feb 7, 2018.
             Was the Champion of Trog.
             Succumbed to a reaper's poison
             ... in the Dungeon (Sprint III: "The Ten Rune Challenge").
             The game lasted 00:51:24 (15860 turns).

wojtek the Axe Maniac (Minotaur Berserker)         Turns: 15860, Time: 00:51:24

HP:   0/261 (286)   AC: 38    Str: 30    XL:     17   Next: 35%
MP:   9/10          EV: 27    Int:  4    God:    Trog [******]
Gold: 2638          SH:  3    Dex: 18    Spells: 16/16 levels left

rFire    . . .     SeeInvis .   b - +5 executioner's axe (antimagic)
rCold    + + +     Gourm    .   (shield currently unavailable)
rNeg     + + .     Faith    .   u - +0 plate armour {rC+}
rPois    .         Spirit   .   z - +2 hat {MR+}
rElec    .         Reflect  +   k - +0 cloak
rCorr    .         Harm     .   y - +3 pair of gauntlets of War {Slay+5}
MR       ++...     NoTele   +   D - +2 pair of boots {run}
Stlth    ..........             N - +3 amulet of reflection
HPRegen  0.00/turn              R - ring of Obbywote {rN++ Dex+3 Stlth+}
MPRegen  0.12/turn              U - ring of Megalomania {rC++ AC+3 Str-2 Dex+3}

@: berserking, lethally poisoned (0 -> -10), non-regenerating, diseased,
studying 2 skills, very quick
A: retaliatory headbutt, horns 2
}: 3/10 runes: decaying, serpentine, silver
a: Berserk, Trog's Hand, Brothers in Arms, Burn Spellbooks, Renounce Religion


You were in the Dungeon.
You worshipped Trog.
Trog was exalted by your worship.
You were not hungry.

You visited 1 branch You collected 5091 gold pieces.
You spent 2453 gold pieces at shops.

Inventory:

Hand Weapons
 a - the +11 battleaxe of Untesais {holy, *Noise rF++ Stlth+}
   (Trog gifted it to you in the Dungeon)

   It has been blessed by the Shining One to cause great damage to the undead
   and demons.
   It greatly protects you from fire.
   It may make noises in combat.
   It makes you more stealthy.
 b - a +5 antimagic executioner's axe (weapon)
 c - the +4 battleaxe of Annoyance {drain, rPois rN+ Str-3}
   (Trog gifted it to you in the Dungeon)

   A truly terrible weapon, it drains the life of those it strikes.
   It affects your strength (-3).
   It protects you from poison.
   It protects you from negative energy.
 j - the +4 arbalest "Grim Tooth" {velocity, rPois Dex+6}
   (Trog gifted it to you in the Dungeon)

   Any bolt fired from it inflicts extra damage.
   It affects your dexterity (+6).
   It protects you from poison.
 t - a +3 vampiric war axe
 Q - the +9 war axe of Youthful Indiscretion {flame, *Noise rPois Str+4 Int+2}
   (You found it in the Dungeon)

   It has been specially enchanted to burn those struck by it, causing extra
   injury to most foes and up to half again as much damage against particularly
   susceptible opponents.
   Big, fiery blades are also staple armaments of hydra-hunters.
   It affects your strength (+4).
   It affects your intelligence (+2).
   It protects you from poison.
   It may make noises in combat.
 T - the +6 battleaxe "Taafo Kero" {chop, Int+2}
   (Trog gifted it to you in the Dungeon)

   It inflicts extra damage upon your enemies.
   It affects your intelligence (+2).
Missiles
 I - 13 throwing nets (quivered)
 Y - 11 javelins of penetration
Armour
 k - a +0 cloak (worn)
 u - a +0 plate armour of cold resistance (worn)
 y - the +3 pair of gauntlets of War (worn) {Slay+5}
   (You bought it in a shop in the Dungeon)

   It affects your accuracy and damage with ranged weapons and melee attacks
   (+5).
 z - a +2 hat of magic resistance (worn)
 D - a +2 pair of boots of running (worn)
 G - the -5 pair of gloves of Fown {rElec rC++ MR- Stlth+}
   (You found it in the Dungeon)

   It greatly protects you from cold.
   It insulates you from electricity.
   It affects your resistance to hostile enchantments.
   It makes you more stealthy.
 K - a +2 plate armour of fire resistance
 P - +0 fire dragon scales
Jewellery
 r - an uncursed ring of flight
 v - an uncursed ring of protection from fire
 F - the ring "Qaschuas" {rN+ SInv}
   (You took it off a deep elf death mage in the Dungeon)

   [ring of positive energy]

   It protects you from negative energy.
   It lets you see invisible.
 N - a +3 amulet of reflection (around neck)
 R - the ring of Obbywote (left hand) {rN++ Dex+3 Stlth+}
   (You found it in the Dungeon)

   [ring of dexterity]

   It affects your dexterity (+3).
   It greatly protects you from negative energy.
   It makes you more stealthy.
 U - the ring of Megalomania (right hand) {rC++ AC+3 Str-2 Dex+3}
   (You found it in the Dungeon)

   [ring of protection]

   It affects your AC (+3).
   It affects your strength (-2).
   It affects your dexterity (+3).
   It greatly protects you from cold.
Wands
 w - a wand of digging (29)
 O - a wand of acid (6)
 Z - a wand of random effects (17)
Scrolls
 i - 2 scrolls of blinking
 m - a scroll of torment {unknown}
 n - 3 scrolls of identify
 o - 2 scrolls of remove curse
 q - a scroll of holy word {unknown}
 x - a scroll of acquirement
 E - a scroll of fear
 H - 5 scrolls of amnesia {unknown}
 L - 2 scrolls of silence {unknown}
Potions
 d - 4 potions of curing
 e - 2 potions of heal wounds
 f - a potion of haste
 g - 2 potions of magic
 l - 4 potions of mutation {unknown}
 p - 6 potions of flight
 A - a potion of ambrosia {unknown}
 B - 2 potions of invisibility {unknown}
 C - a potion of cancellation {unknown}
Books
 h - a manual of Short Blades
 V - a book of the Warp

   Spells                             Type                      Level
   a - Gell's Gravitas                Translocation                3
   b - Portal Projectile              Hexes/Translocation          3
   c - Force Lance                    Conjuration/Translocation    4
   d - Dispersal                      Translocation                6
   e - Controlled Blink               Translocation                8
   f - Disjunction                    Translocation                8
   Trog disapproves of the use of such an item.
 W - a manual of Slings
Miscellaneous
 s - 2 phantom mirrors
 J - a lightning rod (4/4)
 M - a lightning rod (4/4)
 X - a sack of spiders
Comestibles
 S - 11 rations


   Skills:
 O Level 27 Fighting
 O Level 27 Axes
 O Level 27 Armour
 O Level 27 Dodging
 + Level 21.8 Evocations


You had 16 spell levels left.
You didn't know any spells.

Dungeon Overview and Level Annotations

Branches:
Dungeon (1/1)

Altars:
Cheibriados
Dithmenos
Elyvilon
Fedhas
Gozag
Hepliaklqana
Kikubaaqudgha
Makhleb
Nemelex Xobeh
Okawaru
Qazlal
Ru
Sif Muna
Trog
Uskayaw
Vehumet
Wu Jian
Xom
Yredelemnul
Zin
The Shining One
Beogh
Jiyva
Lugonu

Shops:
D :?(!=[!%}[}}[}%[[:!!=(?[


Innate Abilities, Weirdness & Mutations

You reflexively headbutt those who attack you in melee.
You have a pair of horns on your head.


Message History

You are poisoned.
You feel sick.
You hit the reaper but do no damage. You hit the reaper.
You headbutt the reaper!!
The reaper is moderately wounded.
You feel sick.
The reaper hits you with a scythe of venom!!
* * * LOW HITPOINT WARNING * * *
You slice the reaper!!
The reaper is almost dead.
You closely miss the reaper.
The reaper is almost dead.
You slice the reaper!!
You kill the reaper!
* * * LOW HITPOINT WARNING * * *
You feel sick.
You are too berserk!
Unknown command.
You feel a strong urge to attack something.
You die...

§≈§§§##################..#
.§≈P§#.#.)...............#
....≈#.▓'▓▓▓▓▓▓▓▓▓▓▓▓▓▓▓▓▓
.).)...▓^.#.....^...^....#
##))≈#.▓^.#....^^........#
.##.≈#.▓..#..##########..#
..##'##▓..#..#.....}..#..#
#.##...▓..#..#^.......#..#
#.####.▓..#..#).@...[:#..#
#......▓..#.^#.)[..φ..#..#
###'###▓..#..#)########..#
≈⌠...≈.▓..#..#.).|.......#
≈≈.≈.≈.▓^.'..#.^.........#
.≈.≈.≈.▓##################
...≈...▓▓▓ ###'###▓.+
.#)#.#.▓.▓


There were no monsters in sight!

Vanquished Creatures
  An ancient lich (D)
  Mara (D)
  Mennas (D)
  2 greater mummies (D)
  Sojobo (D)
  Boris (D)
  A Killer Klown (D)
  A golden dragon (D)
  Nikola (D)
  A lich (D)
  2 titans (D)
  4 deep elf blademasters (D)
  An ancient champion (D)
  A quicksilver dragon (D)
  Frances (D)
  2 sphinxes (D)
  An Executioner (D)
  Chuck (D)
  A storm dragon (D)
  Gastronok (D)
  Donald (D)
  4 shadow dragons (D)
  A nagaraja (D)
  A fire giant (D)
  Roxanne (D)
  A stone giant (D)
  Nessos (D)
  2 dire elephants (D)
  A vampire knight (D)
  2 deep elf demonologists (D)
  2 deep elf annihilators (D)
  A yellow draconian (D)
  An ettin (shapeshifter) (D)
  A deep elf death mage (D)
  8 mummy priests (D)
  A yaktaur captain (D)
  17 vault guards (D)
  A fire dragon (D)
  A deep elf high priest (D)
  A naga warrior (D)
  A hydra (D)
  Erolcha (D)
  4 dancing weapons (D)
  An ogre mage (D)
  4 anacondas (D)
  2 centaur warriors (D)
  A titan zombie (D)
  4 death yaks (D)
  Urug (D)
  A deep elf knight (D)
  A shadow wraith (D)
  A fire crab (shapeshifter) (D)
  A sun demon (D)
  8 skeletal warriors (D)
  2 death drakes (D)
  A spriggan druid (D)
  2 spectral iron dragons (D)
  An anaconda zombie (D)
  A spectral hydra (D)
  2 obsidian statues (D)
  A lindwurm (D)
  4 orc knights (D)
  4 ugly things (D)
  2 oklob plants (D)
  4 crystal guardians (D)
  5 deep elf magi (D)
  A guardian serpent (D)
  A moth of wrath (shapeshifter) (D)
  An iron troll simulacrum (D)
  5 black mambas (D)
  A manticore (shapeshifter) (D)
  A stone giant skeleton (D)
  2 spiny frogs (D)
  6 statues (D)
  A torpor snail (shapeshifter) (D)
  A smoke demon (D)
  A rime drake (D)
  A komodo dragon (D)
  17 guardian mummies (D)
  A yaktaur (shapeshifter) (D)
  3 wandering mushrooms (D)
  4 spriggan defenders (D)
  2 tyrant leeches (D)
  A queen bee (D)
  3 hornets (D)
  2 orc high priests (D)
  8 blink frogs (D)
  8 slime creatures (D)
  5 redbacks (D)
  A shadow (D)
  2 spriggans (D)
  A spatial vortex (D)
  2 nagas (D)
  2 hydra simulacra (D)
  7 water moccasins (D)
  2 orc warriors (D)
  A swamp drake (D)
  A necrophage (D)
  5 two-headed ogres (D)
  4 swamp dragon skeletons (D)
  A water elemental (D)
  32 killer bees (D)
  2 electric eels (D)
  A jelly (D)
  Crazy Yiuf (D)
  2 orc priests (D)
  A wizard (D)
  Jessica (D)
  A necromancer (D)
  A kobold demonologist (D)
  3 humans (D)
  An adder (D)
  2 orcs (D)
  3 rats (D)
  A ballistomycete (D)
  A ballistomycete spore (D)
  A bush (D)
  4 butterflies (D)
  20 plants (D)
318 creatures vanquished.

Vanquished Creatures (collateral kills)
  Rupert (D)
  A vampire knight (D)
  2 hell beasts (D)
  2 soul eaters (D)
  A sun demon (D)
  2 orc high priests (D)
  A death drake (D)
  A statue (D)
  A glowing orange brain (D)
  A shining eye (D)
  An orc knight (D)
  2 elephants (D)
  A molten gargoyle (D)
  2 ice devils (D)
  A golden eye (D)
  A floating eye (D)
  A water moccasin (D)
  2 orc warriors (D)
  2 orc priests (D)
  2 orc wizards (D)
  5 orcs (D)
  A plant (D)
34 creatures vanquished.

Vanquished Creatures (others)
  2 draconian scorchers (D)
  2 hydras (D)
  6 hellions (D)
  3 yaktaurs (D)
  A statue (D)
  A chaos spawn (D)
  An electric eel (D)
  5 ball lightnings (D)
  2 ballistomycetes (D)
  3 ballistomycete spores (D)
  A bush (D)
  14 plants (D)
41 creatures vanquished.

Grand Total: 393 creatures vanquished

Notes
Turn   | Place    | Note
-------+----------+-------------------------------------------
     0 | D        | wojtek the Minotaur Berserker began the quest for the Orb.
     0 | D        | Reached XP level 1. HP: 19/19 MP: 0/0
    56 | D        | Noticed Jessica
    60 | D        | Killed Jessica
    60 | D        | Reached ** piety under Trog
    60 | D        | Reached skill level 5 in Axes
    60 | D        | Reached XP level 2. HP: 28/28 MP: 1/1
    80 | D        | Noticed Crazy Yiuf
    84 | D        | Killed Crazy Yiuf
    84 | D        | Reached skill level 5 in Fighting
    84 | D        | Reached XP level 3. HP: 36/36 MP: 2/2
    87 | D        | Reached XP level 4. HP: 42/42 MP: 3/3
   133 | D        | Killed a hellion
   138 | D        | Killed a hellion
   139 | D        | Killed a hellion
   140 | D        | Noticed a water elemental
   140 | D        | Killed a hellion
   146 | D        | Killed a water elemental
   146 | D        | Reached *** piety under Trog
   146 | D        | Reached skill level 5 in Armour
   146 | D        | Reached skill level 5 in Dodging
   176 | D        | Killed a white draconian scorcher
   179 | D        | Killed a white draconian scorcher
   181 | D        | Found a radiant altar of Vehumet.
   182 | D        | Noticed a wizard
   186 | D        | Killed a wizard
   186 | D        | Reached XP level 5. HP: 30/51 MP: 4/4
   187 | D        | Found a deep blue altar of Sif Muna.
   187 | D        | Found an ancient bone altar of Kikubaaqudgha.
   190 | D        | Reached **** piety under Trog
   212 | D        | Killed a hellion
   235 | D        | Killed a hellion
   264 | D        | Killed a yaktaur
   337 | D        | Found a glowing silver altar of Zin.
   338 | D        | Found a glowing golden altar of the Shining One.
   338 | D        | Found a white marble altar of Elyvilon.
   338 | D        | Noticed a deep elf mage
   349 | D        | Killed a deep elf mage
   349 | D        | Reached XP level 6. HP: 24/63 MP: 5/5
   349 | D        | Reached XP level 7. HP: 27/70 MP: 6/6
   584 | D        | Found a hide-covered altar of Uskayaw.
   584 | D        | Found an iron altar of Okawaru.
   585 | D        | Found a roughly hewn altar of Beogh.
   585 | D        | Found a bloodstained altar of Trog.
   585 | D        | Found an ornate altar of the Wu Jian Council.
   585 | D        | Noticed a human
   585 | D        | Noticed a human
   593 | D        | Killed a human
   593 | D        | Killed a human
   593 | D        | Reached ***** piety under Trog
   675 | D        | Found a shadowy altar of Dithmenos.
   682 | D        | Received a gift from Trog
   683 | D        | Found a basalt altar of Yredelemnul.
   683 | D        | Found a sacrificial altar of Ru.
   718 | D        | Noticed a shadow
   718 | D        | Reached skill level 10 in Fighting
   725 | D        | Killed a shadow
   725 | D        | Reached XP level 8. HP: 66/79 MP: 7/7
   780 | D        | Found a blossoming altar of Fedhas.
   780 | D        | Found a stormy altar of Qazlal.
   781 | D        | Found a snail-covered altar of Cheibriados.
   781 | D        | Found a burning altar of Makhleb.
   781 | D        | Found a hazy altar of Hepliaklqana.
   781 | D        | Found a shimmering altar of Xom.
   781 | D        | Found an opulent altar of Gozag.
   781 | D        | Found a sparkling altar of Nemelex Xobeh.
   781 | D        | Found a corrupted altar of Lugonu.
   781 | D        | Found a viscous altar of Jiyva.
   792 | D        | Reached skill level 10 in Armour
   817 | D        | Received a gift from Trog
  1102 | D        | Noticed a two-headed ogre
  1121 | D        | Killed a two-headed ogre
  1183 | D        | Noticed a two-headed ogre
  1183 | D        | Noticed Erolcha
  1190 | D        | Killed a two-headed ogre
  1190 | D        | Reached skill level 10 in Dodging
  1190 | D        | Reached XP level 9. HP: 89/89 MP: 2/8
  1192 | D        | Killed Erolcha
  1192 | D        | Reached skill level 15 in Axes
  1193 | D        | Received a gift from Trog
  1197 | D        | Got a transparent arbalest {god gift}
  1198 | D        | Identified the +4 arbalest "Grim Tooth" {velocity, rPois Dex+6} (Trog gifted it to you in the Dungeon)
  1255 | D        | Noticed an orc high priest
  1256 | D        | Noticed an ice devil
  1260 | D        | Killed an orc high priest
  1269 | D        | Noticed an orc knight
  1271 | D        | Killed an orc knight
  1272 | D        | Noticed a smoke demon
  1272 | D        | Noticed an orc high priest
  1273 | D        | Reached ****** piety under Trog
  1273 | D        | Received a gift from Trog
  1274 | D        | Noticed a soul eater
  1277 | D        | Killed an orc high priest
  1277 | D        | Reached XP level 10. HP: 65/100 MP: 3/9
  1278 | D        | Found Satoegg's Distillery.
  1612 | D        | Received a gift from Trog
  1628 | D        | Received a gift from Trog
  1880 | D        | Received a gift from Trog
  2127 | D        | Received a gift from Trog
  2375 | D        | Received a gift from Trog
  2607 | D        | Killed an eight-headed hydra
  2651 | D        | Noticed a spiny frog
  2651 | D        | Noticed a spiny frog
  2656 | D        | Killed a spiny frog
  2659 | D        | Killed a spiny frog
  2659 | D        | Received a gift from Trog
  2747 | D        | Killed a four-headed hydra
  2992 | D        | Reached XP level 11. HP: 85/111 MP: 10/10
  2997 | D        | Received a gift from Trog
  3095 | D        | Noticed Rupert
  3104 | D        | Killed Rupert
  3120 | D        | Noticed a dire elephant
  3133 | D        | Killed a dire elephant
  3133 | D        | Reached skill level 15 in Fighting
  3317 | D        | Noticed a dire elephant
  3317 | D        | Noticed Gastronok
  3323 | D        | Killed Gastronok
  3323 | D        | Received a gift from Trog
  3323 | D        | Reached skill level 15 in Armour
  3327 | D        | Killed a dire elephant
  3441 | D        | Noticed an azure jelly
  3442 | D        | Noticed an azure jelly
  3442 | D        | Noticed an azure jelly
  3444 | D        | Noticed an azure jelly
  3458 | D        | Noticed a death yak
  3469 | D        | Killed a death yak
  3538 | D        | Noticed a death yak
  3549 | D        | Killed a death yak
  3569 | D        | Noticed a death yak
  3574 | D        | Received a gift from Trog
  3575 | D        | Noticed a death yak
  3577 | D        | Killed a death yak
  3577 | D        | Reached XP level 12. HP: 106/122 MP: 11/11
  3584 | D        | Killed a death yak
  3589 | D        | Reached skill level 15 in Dodging
  4085 | D        | Bought a potion of curing for 30 gold pieces
  4085 | D        | Bought a potion of curing for 30 gold pieces
  4174 | D        | Found Qawapran's Book Shoppe.
  4174 | D        | Found Sairchomu's Magic Scroll Boutique.
  4304 | D        | Received a gift from Trog
  4324 | D        | Found Kealem's Antique Weapon Emporium.
  4331 | D        | Bought a scroll of fear for 45 gold pieces
  4331 | D        | Bought a scroll of remove curse for 39 gold pieces
  4459 | D        | Noticed a six-headed hydra
  4464 | D        | Killed an eight-headed hydra
  4472 | D        | Got a decaying rune of Zot
  5206 | D        | Received a gift from Trog
  5230 | D        | Noticed Urug
  5233 | D        | Killed Urug
  5830 | D        | Noticed an anaconda
  5833 | D        | Killed an anaconda
  5844 | D        | Noticed an anaconda
  5847 | D        | Killed an anaconda
  5847 | D        | Received a gift from Trog
  5865 | D        | Noticed an anaconda
  5865 | D        | Noticed an anaconda
  5873 | D        | Killed an anaconda
  5875 | D        | Received a gift from Trog
  5879 | D        | Killed an anaconda
  6101 | D        | Noticed a naga warrior
  6101 | D        | Noticed a nagaraja
  6113 | D        | Received a gift from Trog
  6124 | D        | Killed a nagaraja
  6124 | D        | Reached XP level 13. HP: 127/130 MP: 12/12
  6223 | D        | Found Tinarisa's Distillery.
  6223 | D        | Found Laymoe's Jewellery Shoppe.
  6225 | D        | Found Mycrer's Antique Armour Boutique.
  6241 | D        | Got a serpentine rune of Zot
  6335 | D        | Found a blossoming altar of Fedhas.
  6419 | D        | Noticed Donald
  6420 | D        | Noticed Frances
  6428 | D        | Killed Frances
  6428 | D        | Received a gift from Trog
  6430 | D        | Killed Donald
  6638 | D        | Received a gift from Trog
  6822 | D        | Found Ceofymus's Book Emporium.
  6822 | D        | Found Soanuh's Distillery.
  6822 | D        | Found Gulaplem's Armour Boutique.
  6822 | D        | Found Gibym's Antique Armour Shoppe.
  6822 | D        | Found Xacotid's Armour Boutique.
  6822 | D        | Found Juzuar's Distillery.
  6822 | D        | Found Kamue's Food Shoppe.
  6822 | D        | Found Dohufosi's Magic Scroll Shop.
  6822 | D        | Found Uloqyunk's Gadget Shop.
  6822 | D        | Found Ichisoen's Antique Weapon Emporium.
  6822 | D        | Found Kutwuekk's Antique Armour Emporium.
  6822 | D        | Found Fescheqo's Jewellery Boutique.
  6870 | D        | Bought the +3 pair of gauntlets of War {Slay+5} for 1330 gold pieces
  6870 | D        | Found the +3 pair of gauntlets of War {Slay+5}
  6990 | D        | Bought a +2 pair of boots of running for 539 gold pieces
  7021 | D        | Received a gift from Trog
  7189 | D        | Found Quus's Gadget Emporium.
  7189 | D        | Found Huka's Gadget Shop.
  7189 | D        | Found Zidemouch's Armour Shop.
  7189 | D        | Found Buecvah's Gadget Shoppe.
  7379 | D        | Received a gift from Trog
  7428 | D        | Noticed Roxanne
  7443 | D        | Killed Roxanne
  7467 | D        | Received a gift from Trog
  7812 | D        | Found Naetyth's Food Boutique.
  7819 | D        | HP: 10/201 [iron troll simulacrum (43)]
  8350 | D        | Received a gift from Trog
  8478 | D        | Noticed a fire dragon
  8482 | D        | Killed a fire dragon
  8482 | D        | Reached XP level 14. HP: 92/143 MP: 13/13
  8638 | D        | Received a gift from Trog
  8652 | D        | Got a crude war axe
  8659 | D        | Got an iridescent battleaxe {god gift}
  8660 | D        | Identified the +11 battleaxe of Untesais {holy, *Noise rF++ Stlth+} (Trog gifted it to you in the Dungeon)
  8702 | D        | Identified the +9 war axe of Youthful Indiscretion {flame, *Noise rPois Str+4 Int+2} (You found it in the Dungeon)
  8795 | D        | Received a gift from Trog
  8944 | D        | Noticed Chuck
  9074 | D        | Killed Chuck
  9194 | D        | Noticed Sojobo
  9213 | D        | Killed Sojobo
  9213 | D        | Received a gift from Trog
  9213 | D        | Reached skill level 27 in Axes
  9214 | D        | Got a crystal battleaxe {god gift}
  9215 | D        | Identified the +6 battleaxe "Taafo Kero" {chop, Int+2} (Trog gifted it to you in the Dungeon)
  9266 | D        | Noticed a lich
  9270 | D        | Killed a lich
  9415 | D        | Noticed a shadow dragon
  9415 | D        | Noticed a shadow dragon
  9421 | D        | Received a gift from Trog
  9423 | D        | Killed a shadow dragon
  9423 | D        | Received a gift from Trog
  9428 | D        | Killed a shadow dragon
  9866 | D        | Noticed a golden dragon
  9926 | D        | Noticed a stone giant
  9943 | D        | Killed a stone giant
  9999 | D        | Noticed a titan
 10004 | D        | Killed a titan
 10004 | D        | Received a gift from Trog
 10010 | D        | Noticed a shadow dragon
 10067 | D        | Killed a shadow dragon
 10072 | D        | Received a gift from Trog
 10077 | D        | Noticed a shadow dragon
 10094 | D        | Killed a shadow dragon
 10318 | D        | Noticed a quicksilver dragon
 10324 | D        | Killed a quicksilver dragon
 10324 | D        | Reached XP level 15. HP: 149/158 MP: 14/14
 10345 | D        | Received a gift from Trog
 10480 | D        | Noticed a titan
 10492 | D        | Killed a titan
 10492 | D        | Received a gift from Trog
 10698 | D        | Killed a golden dragon
 10918 | D        | Received a gift from Trog
 11162 | D        | Noticed a fire giant
 11166 | D        | Killed a fire giant
 11166 | D        | Received a gift from Trog
 11188 | D        | Got a pair of pitted gloves
 11197 | D        | Got a silver rune of Zot
 11223 | D        | Identified the cursed -5 pair of gloves of Fown {rElec rC++ MR- Stlth+} (You found it in the Dungeon)
 11501 | D        | Bought a wand of digging (16) for 440 gold pieces
 11571 | D        | Noticed Nikola
 11571 | D        | Noticed a storm dragon
 11580 | D        | Killed a storm dragon
 11592 | D        | Killed Nikola
 11592 | D        | Received a gift from Trog
 11783 | D        | Noticed Mara
 11796 | D        | Received a gift from Trog
 11804 | D        | Noticed wojtek's illusion
 11809 | D        | Killed Mara
 12156 | D        | Noticed an ancient champion
 12161 | D        | Killed an ancient champion
 12215 | D        | Received a gift from Trog
 12316 | D        | Noticed an Executioner
 12317 | D        | Killed an Executioner
 12317 | D        | Reached XP level 16. HP: 174/176 MP: 15/15
 12392 | D        | Noticed Nessos
 12405 | D        | Killed Nessos
 12500 | D        | Received a gift from Trog
 12521 | D        | Noticed a deep elf blademaster
 12522 | D        | Noticed a deep elf blademaster
 12522 | D        | Noticed a deep elf blademaster
 12534 | D        | Killed a deep elf blademaster
 12544 | D        | Killed a deep elf blademaster
 12551 | D        | Killed a deep elf blademaster
 12717 | D        | Noticed a Killer Klown
 12730 | D        | Killed a Killer Klown
 12730 | D        | Reached skill level 27 in Fighting
 12791 | D        | Received a gift from Trog
 12791 | D        | Reached skill level 27 in Armour
 12795 | D        | Noticed Boris
 12799 | D        | Killed Boris
 12847 | D        | Noticed Mennas
 12865 | D        | Killed Mennas
 12865 | D        | Received a gift from Trog
 12865 | D        | Reached skill level 27 in Dodging
 12889 | D        | Received a gift from Trog
 13117 | D        | Reached skill level 10 in Evocations
 13175 | D        | Noticed a deep elf blademaster
 13223 | D        | Noticed a Hell Sentinel
 13421 | D        | Killed a deep elf blademaster
 13734 | D        | Noticed a Hell Sentinel
 13737 | D        | Noticed a Tzitzimitl
 13738 | D        | Received a gift from Trog
 13743 | D        | Killed a ghostly deep elf blademaster
 13749 | D        | Got a transparent turquoise ring
 13762 | D        | Found the +7 sceptre of Torment
 13762 | D        | Got a flickering lead ring
 13762 | D        | Got a warped golden ring
 13823 | D        | Identified the ring "Qaschuas" {rN+ SInv} (You took it off a deep elf death mage in the Dungeon)
 13825 | D        | Identified the ring of Obbywote {rN++ Dex+3 Stlth+} (You found it in the Dungeon)
 13827 | D        | Identified the ring of Megalomania {rC++ AC+3 Str-2 Dex+3} (You found it in the Dungeon)
 13832 | D        | Received a gift from Trog
 13973 | D        | Received a gift from Trog
 13981 | D        | Noticed an ancient lich
 13993 | D        | Killed an ancient lich
 14006 | D        | Got a serpentine copper ring
 14007 | D        | Identified the ring "Fengaeh" {EV+5 Int+4} (You found it in the Dungeon)
 14132 | D        | Noticed a sphinx
 14132 | D        | Noticed a sphinx
 14143 | D        | Killed a sphinx
 14143 | D        | Reached XP level 17. HP: 173/187 MP: 28/28
 14145 | D        | Received a gift from Trog
 14502 | D        | Received a gift from Trog
 14558 | D        | Received a gift from Trog
 14759 | D        | Got a brightly glowing battleaxe {god gift}
 14760 | D        | Identified the +4 battleaxe of Annoyance {drain, rPois rN+ Str-3} (Trog gifted it to you in the Dungeon)
 15838 | D        | Received a gift from Trog
 15839 | D        | Noticed a greater mummy
 15839 | D        | Noticed a greater mummy
 15849 | D        | Killed a greater mummy
 15852 | D        | Killed a greater mummy
 15852 | D        | Received a gift from Trog
 15855 | D        | HP: 2/261 [reaper/scythe of venom[a greater mummy's death curse] (20)]
 15860 | D        | Succumbed to a reaper's poison

Skill      XL: |  1  2  3  4  5  6  7  8  9 10 11 12 13 14 15 16 17 |
---------------+----------------------------------------------------+-----
Axes           | 5 6 7 8 11 13 14 17 19 21 23 26 27 | 27.0
Fighting       | 4 5 6 9 10 11 12 14 16 17 19 22 26 27 | 27.0
Armour         | 3 4 6 8 9 11 12 14 16 17 19 22 26 27 | 27.0
Dodging        | 3 4 5 7 9 10 11 13 14 16 18 21 24 27 | 27.0
Evocations     | 17 21 | 21.8

Action                   |  1- 3 |  4- 6 |  7- 9 | 10-12 | 13-15 | 16-18 || total
-------------------------+-------+-------+-------+-------+-------+-------++-------
Melee: Hand axe          |    10 |    17 |    37 |       |       |       ||    64
       Headbutt          |     3 |     3 |    20 |    47 |   125 |    60 ||   258
       Battleaxe         |       |       |    28 |    39 |   290 |   173 ||   530
       Executioner's axe |       |       |       |   222 |   147 |    35 ||   404
Throw: Javelin           |       |       |     4 |       |       |       ||     4
Invok: Berserk           |     1 |     2 |     3 |     2 |     3 |     1 ||    12
       Burn Spellbooks   |       |     1 |       |       |     1 |     1 ||     3
       Brothers in Arms  |       |       |     1 |     5 |    10 |     5 ||    21
       Trog's Hand       |       |       |       |       |     1 |       ||     1
 Abil: Evoke Flight      |       |       |       |       |     1 |     5 ||     6
Evoke: Wand              |       |       |       |       |       |     1 ||     1
  Use: Potion            |       |       |       |     1 |     1 |       ||     2
       Scroll            |       |       |       |       |     1 |     1 ||     2
 Stab: Distracted        |       |       |       |       |     1 |     1 ||     2
  Eat: Chunk             |       |       |     7 |     9 |    10 |     1 ||    27
       Ration            |       |       |       |     3 |     5 |     4 ||    12
Armor: Animal skin       |     1 |       |     2 |       |       |       ||     3
       Plate armour      |       |       |       |   138 |   169 |    97 ||   404
Dodge: Dodged            |     7 |     4 |    29 |   238 |   137 |   122 ||   537
Block: Other             |       |       |       |       |    17 |    15 ||    32
